TOP OF THE 1ST |
Johnson City Cardinals batting - Pitching for Billings Mustangs : RHP Bill Marshall
|
Pitching: RHP Bill Marshall
|
|
Batting: RHB Diego Herrera
|
0-0: Called Strike 0-1: Ball 1-1: Swinging Strike 1-2: Ball 2-2: Strikes out swinging
|
Batting: SHB J.T. Ready
|
0-0: Ball 1-0: Swinging Strike 1-1: Ground out U3 (Groundball, 34, EV 88.8 MPH)
|
Batting: RHB Arnold Schuler
|
0-0: Fly out, F9 (Flyball, 9D, EV 86.9 MPH)
|
Top of the 1st over - 0 runs, 0 hits, 0 errors, 0 left on base; Johnson City 0 - Billings 0 |
BOTTOM OF THE 1ST |
Billings Mustangs batting - Pitching for Johnson City Cardinals : RHP Joaquin Gonzales
|
Pitching: RHP Joaquin Gonzales
|
|
Batting: RHB Kieron Clark
|
0-0: Ball 1-0: Swinging Strike 1-1: Ball 2-1: Swinging Strike 2-2: Strikes out looking
|
Batting: RHB Dan Allred
|
0-0: Ball 1-0: Ground out 6-3 (Groundball, 6, EV 103.8 MPH)
|
Batting: SHB Gustavo Froio
|
0-0: Called Strike 0-1: Ball 1-1: Ball 2-1: Foul Ball, location: 2F 2-2: Strikes out swinging
|
Bottom of the 1st over - 0 runs, 0 hits, 0 errors, 0 left on base; Johnson City 0 - Billings 0 |
TOP OF THE 2ND |
Johnson City Cardinals batting - Pitching for Billings Mustangs : RHP Bill Marshall
|
Batting: SHB Brad Meyer
|
0-0: Ball 1-0: Fly out, F8 (Flyball, 8LD, EV 97.5 MPH)
|
Batting: LHB Pete Mitchell
|
0-0: Ball 1-0: Ground out 6-3 (Groundball, 6M, EV 101.2 MPH)
|
Batting: LHB Doug Nebel
|
0-0: Ball 1-0: Fly out, F4 (Popup, 13S, EV 91.9 MPH)
|
Top of the 2nd over - 0 runs, 0 hits, 0 errors, 0 left on base; Johnson City 0 - Billings 0 |
BOTTOM OF THE 2ND |
Billings Mustangs batting - Pitching for Johnson City Cardinals : RHP Joaquin Gonzales
|
Batting: RHB Rich Vanegas
|
0-0: SINGLE (Groundball, 4M, EV 103.1 MPH) (infield hit)
|
Batting: RHB Alex Nagera
|
0-0: Called Strike 0-1: Ball 1-1: Foul Ball, location: 2F 1-2: SINGLE (Groundball, 6MD, EV 104.4 MPH) Rich Vanegas to second
|
Batting: RHB Ruben Cantu
|
0-0: Ball 1-0: Swinging Strike 1-1: Fly out, F7 (Flyball, 78M, EV 86.2 MPH)
|
Batting: RHB Wayne Watson
|
0-0: Ball 1-0: Called Strike 1-1: Ball 2-1: Ball 3-1: Called Strike 3-2: Strikes out swinging
|
Batting: RHB Cortez Restrepo
|
0-0: Ball 1-0: Swinging Strike 1-1: Ground out 6-3 (Groundball, 6M, EV 98.1 MPH)
|
Bottom of the 2nd over - 0 runs, 2 hits, 0 errors, 2 left on base; Johnson City 0 - Billings 0 |
TOP OF THE 3RD |
Johnson City Cardinals batting - Pitching for Billings Mustangs : RHP Bill Marshall
|
Batting: RHB Dan Wages
|
0-0: Foul Ball, location: 2F 0-1: Ball 1-1: Ball 2-1: Foul Ball, location: 2F 2-2: SINGLE (Flyball, 4MD, EV 96.2 MPH)
|
Batting: SHB Felipe Campanella
|
0-0: Fielders Choice at 2nd, 4-6 (Groundball, 34D, EV 101.9 MPH)
|
Batting: RHB Kevin Kelly
|
0-0: Called Strike 0-1: Swinging Strike 0-2: Ball Pickoff Play to 1st, Runner tries for 2nd, OUT after rundown. 1-2: Strikes out swinging
|
Top of the 3rd over - 0 runs, 1 hit, 0 errors, 0 left on base; Johnson City 0 - Billings 0 |
BOTTOM OF THE 3RD |
Billings Mustangs batting - Pitching for Johnson City Cardinals : RHP Joaquin Gonzales
|
Batting: LHB Mike Becerra
|
0-0: DOUBLE (Flyball, 8RXD, EV 96.9 MPH)
|
Batting: RHB Kieron Clark
|
0-0: Foul Ball, location: 2F 0-1: Ball 1-1: Foul Ball, location: 2F 1-2: DOUBLE (Line Drive, 9LS, EV 97.5 MPH) Mike Becerra scores
|
Batting: RHB Dan Allred
|
0-0: Swinging Strike 0-1: Ball 1-1: SINGLE (Groundball, 25, EV 70.0 MPH) (infield hit) Kieron Clark to third
|
Batting: SHB Gustavo Froio
|
0-0: Called Strike 0-1: Called Strike 0-2: Ball 1-2: Strikes out swinging
|
Batting: RHB Rich Vanegas
|
0-0: Fly out, F7 (Line Drive, 78M, EV 89.4 MPH) Runner from 3rd tags up, SCORES, throw by LF
|
Batting: RHB Alex Nagera
|
0-0: Called Strike 0-1: Called Strike 0-2: Ball 1-2: Fielders Choice at 2nd, 6-4 (Groundball, 6, EV 77.5 MPH)
|
Bottom of the 3rd over - 2 runs, 3 hits, 0 errors, 1 left on base; Johnson City 0 - Billings 2 |
TOP OF THE 4TH |
Johnson City Cardinals batting - Pitching for Billings Mustangs : RHP Bill Marshall
|
Batting: RHB Diego Herrera
|
0-0: Swinging Strike 0-1: Foul Ball, location: 2F 0-2: Ball 1-2: Strikes out swinging
|
Batting: SHB J.T. Ready
|
0-0: Ball 1-0: Ball 2-0: Ball 3-0: Base on Balls
|
Batting: RHB Arnold Schuler
|
0-0: Called Strike 0-1: Called Strike 0-2: Foul Ball, location: 2F 0-2: Ball 1-2: Ball 2-2: Strikes out swinging
|
Batting: SHB Brad Meyer
|
0-0: Called Strike 0-1: Called Strike 0-2: Ball 1-2: Foul Ball, location: 2F 1-2: Foul Ball, location: 2F 1-2: Strikes out swinging
|
Top of the 4th over - 0 runs, 0 hits, 0 errors, 1 left on base; Johnson City 0 - Billings 2 |
BOTTOM OF THE 4TH |
Billings Mustangs batting - Pitching for Johnson City Cardinals : RHP Joaquin Gonzales
|
Batting: RHB Ruben Cantu
|
0-0: Ball 1-0: Foul Ball, location: 2F 1-1: Ground out 1-3 (Groundball, 13S, EV 61.9 MPH)
|
Batting: RHB Wayne Watson
|
0-0: SINGLE (Groundball, 6M, EV 95.6 MPH)
|
Batting: RHB Cortez Restrepo
|
0-0: Fielders Choice at 2nd, 3-6 (Groundball, 23, EV 89.4 MPH)
|
Batting: LHB Mike Becerra
|
0-0: Ball 1-0: Swinging Strike 1-1: Ball 2-1: Swinging Strike 2-2: Ball 3-2: Foul Ball, location: 2F 3-2: Foul Ball, location: 2F 3-2: Foul Ball, location: 2F 3-2: Base on Balls Cortez Restrepo to second
|
Batting: RHB Kieron Clark
|
0-0: Called Strike 0-1: Ball 1-1: Ball 2-1: Swinging Strike 2-2: Ball 3-2: Base on Balls Cortez Restrepo to third Mike Becerra to second
|
Batting: RHB Dan Allred
|
0-0: Fly out, F8 (Flyball, 8LD, EV 105.0 MPH)
|
Bottom of the 4th over - 0 runs, 1 hit, 0 errors, 3 left on base; Johnson City 0 - Billings 2 |
TOP OF THE 5TH |
Johnson City Cardinals batting - Pitching for Billings Mustangs : RHP Bill Marshall
|
Batting: LHB Pete Mitchell
|
0-0: Ball 1-0: Foul Ball, location: 2F 1-1: Ball 2-1: Ball 3-1: Foul Ball, location: 2F 3-2: Foul Ball, location: 2F 3-2: Foul Ball, location: 2F 3-2: Strikes out swinging
|
Batting: LHB Doug Nebel
|
0-0: Ground out U3 (Groundball, 34, EV 98.1 MPH)
|
Batting: RHB Dan Wages
|
0-0: Ball 1-0: Called Strike 1-1: SOLO HOME RUN (Flyball, 7D, EV 100.0 MPH), Distance : 407 ft
|
Batting: SHB Felipe Campanella
|
0-0: Ground out 4-3 (Groundball, 4, EV 88.8 MPH)
|
Top of the 5th over - 1 run, 1 hit, 0 errors, 0 left on base; Johnson City 1 - Billings 2 |
BOTTOM OF THE 5TH |
Billings Mustangs batting - Pitching for Johnson City Cardinals : RHP Joaquin Gonzales
|
Batting: SHB Gustavo Froio
|
0-0: Foul Ball, location: 2F 0-1: Ball 1-1: SINGLE (Groundball, 4M, EV 108.8 MPH) (infield hit)
|
Batting: RHB Rich Vanegas
|
0-0: Ball 1-0: Called Strike 1-1: Called Strike 1-2: Foul Ball, location: 2F 1-2: Strikes out swinging
|
Batting: RHB Alex Nagera
|
0-0: Ball Gustavo Froio is caught stealing 2nd base 2-4 1-0: Called Strike 1-1: Ball 2-1: Foul Ball, location: 2F 2-2: Strikes out swinging
|
Bottom of the 5th over - 0 runs, 1 hit, 0 errors, 0 left on base; Johnson City 1 - Billings 2 |
TOP OF THE 6TH |
Johnson City Cardinals batting - Pitching for Billings Mustangs : RHP Bill Marshall
|
Batting: RHB Kevin Kelly
|
0-0: Ball 1-0: Called Strike 1-1: SINGLE (Line Drive, 6M, EV 95.0 MPH)
|
Batting: RHB Diego Herrera
|
0-0: Called Strike Kevin Kelly steals 2nd base (no throw) 0-1: Ball 1-1: Foul Ball, location: 2F 1-2: SINGLE (Groundball, 34S, EV 69.4 MPH) (infield hit) Kevin Kelly to third
|
Batting: SHB J.T. Ready
|
0-0: Ball 1-0: Ball 2-0: Called Strike 2-1: Foul Ball, location: 2F 2-2: Ball 3-2: Base on Balls Diego Herrera to second
|
Batting: RHB Arnold Schuler
|
0-0: Ball 1-0: Foul Ball, location: 2F 1-1: Swinging Strike 1-2: SINGLE (Groundball, 56D, EV 100.0 MPH) Kevin Kelly scores Diego Herrera to third J.T. Ready to second Runner from 3rd tries for Home, SAFE, throw by LF to home
|
Batting: SHB Brad Meyer
|
0-0: Foul Ball, location: 2F 0-1: Ball 1-1: Ball 2-1: Foul Ball, location: 2F 2-2: Strikes out swinging
|
Batting: LHB Pete Mitchell
|
0-0: Called Strike 0-1: Foul Ball, location: 2F 0-2: Ball 1-2: Ball 2-2: SINGLE (Line Drive, 8LS, EV 88.1 MPH) J.T. Ready to third Arnold Schuler to second Runner from 3rd tries for Home, SAFE, throw by LF to home
|
Pitching: RHP Boboy Cacabelos
|
|
Batting: LHB Doug Nebel
|
0-0: Called Strike 0-1: Foul Ball, location: 2F 0-2: Ball 1-2: Foul Ball, location: 2F 1-2: Foul Ball, location: 3F, Error on foul ball, E3 1-2: Fly out, F9 (Flyball, 9, EV 90.6 MPH)
|
Batting: RHB Dan Wages
|
0-0: Ball 1-0: Foul Ball, location: 2F 1-1: Fielders Choice at 2nd, 6-4 (Groundball, 6, EV 102.5 MPH)
|
Top of the 6th over - 3 runs, 4 hits, 1 error, 2 left on base; Johnson City 4 - Billings 2 |
BOTTOM OF THE 6TH |
Billings Mustangs batting - Pitching for Johnson City Cardinals : RHP Joaquin Gonzales
|
Pitching: RHP Rich Sauceman
|
|
Batting: RHB Ruben Cantu
|
0-0: Ball 1-0: Ball 2-0: Ball 3-0: Called Strike 3-1: Called Strike 3-2: Foul Ball, location: 2F 3-2: Strikes out swinging
|
Batting: RHB Wayne Watson
|
0-0: Called Strike 0-1: Fly out, F3 (Popup, 23F, EV 91.2 MPH)
|
Batting: RHB Cortez Restrepo
|
0-0: Foul Ball, location: 2F 0-1: Foul Ball, location: 2F 0-2: Strikes out swinging
|
Bottom of the 6th over - 0 runs, 0 hits, 0 errors, 0 left on base; Johnson City 4 - Billings 2 |
TOP OF THE 7TH |
Johnson City Cardinals batting - Pitching for Billings Mustangs : RHP Boboy Cacabelos
|
Batting: SHB Felipe Campanella
|
0-0: Ball 1-0: Fly out, F9 (Flyball, 9S, EV 85.0 MPH)
|
Batting: RHB Kevin Kelly
|
0-0: Called Strike 0-1: Ball 1-1: Foul Ball, location: 2F 1-2: Foul Ball, location: 2F 1-2: Strikes out looking
|
Batting: RHB Diego Herrera
|
0-0: Swinging Strike 0-1: Ball 1-1: Swinging Strike 1-2: Ball 2-2: Strikes out swinging
|
Top of the 7th over - 0 runs, 0 hits, 0 errors, 0 left on base; Johnson City 4 - Billings 2 |
BOTTOM OF THE 7TH |
Billings Mustangs batting - Pitching for Johnson City Cardinals : RHP Rich Sauceman
|
Batting: LHB Mike Becerra
|
0-0: Called Strike 0-1: Called Strike 0-2: Ball 1-2: Foul Ball, location: 2F 1-2: Ball 2-2: Strikes out swinging
|
Batting: RHB Kieron Clark
|
0-0: Ball 1-0: Ball 2-0: Called Strike 2-1: Swinging Strike 2-2: Ball 3-2: Strikes out swinging
|
Batting: RHB Dan Allred
|
0-0: Ball 1-0: Foul Ball, location: 2F 1-1: Foul Ball, location: 2F 1-2: Ball 2-2: Strikes out swinging
|
Bottom of the 7th over - 0 runs, 0 hits, 0 errors, 0 left on base; Johnson City 4 - Billings 2 |
TOP OF THE 8TH |
Johnson City Cardinals batting - Pitching for Billings Mustangs : RHP Boboy Cacabelos
|
Batting: SHB J.T. Ready
|
0-0: Ball 1-0: Called Strike 1-1: Ball 2-1: Ball 3-1: Base on Balls
|
Batting: RHB Arnold Schuler
|
0-0: Fly out, F8 (Flyball, 8LXD, EV 78.1 MPH)
|
Batting: SHB Brad Meyer
|
0-0: Called Strike 0-1: TRIPLE (Flyball, 78XD, EV 102.5 MPH) J.T. Ready scores
|
Batting: LHB Pete Mitchell
|
0-0: Ball 1-0: Ball 2-0: Foul Ball, location: 2F 2-1: Foul Ball, location: 2F 2-2: Ball 3-2: Foul Ball, location: 2F 3-2: Base on Balls
|
Pitching: RHP Roger Whitaker
|
|
Batting: LHB Doug Nebel
|
0-0: Called Strike 0-1: Ball 1-1: Called Strike 1-2: Ball Wild Pitch! Brad Meyer scores Pete Mitchell to second 2-2: Foul Ball, location: 2F 2-2: Strikes out looking
|
Batting: RHB Dan Wages
|
0-0: Ball 1-0: Called Strike 1-1: Ball 2-1: Called Strike 2-2: Strikes out looking
|
Top of the 8th over - 2 runs, 1 hit, 0 errors, 1 left on base; Johnson City 6 - Billings 2 |
BOTTOM OF THE 8TH |
Billings Mustangs batting - Pitching for Johnson City Cardinals : RHP Rich Sauceman
|
Batting: SHB Gustavo Froio
|
0-0: Ball 1-0: Called Strike 1-1: Ball 2-1: Fly out, F5 (Flyball, 56D, EV 93.8 MPH)
|
Batting: RHB Rich Vanegas
|
0-0: Ball 1-0: Swinging Strike 1-1: Fly out, F6 (Line Drive, 6D, EV 68.8 MPH)
|
Batting: RHB Alex Nagera
|
0-0: Swinging Strike 0-1: Called Strike 0-2: Strikes out looking
|
Bottom of the 8th over - 0 runs, 0 hits, 0 errors, 0 left on base; Johnson City 6 - Billings 2 |
TOP OF THE 9TH |
Johnson City Cardinals batting - Pitching for Billings Mustangs : RHP Roger Whitaker
|
Batting: SHB Felipe Campanella
|
0-0: Called Strike 0-1: Swinging Strike 0-2: Strikes out looking
|
Batting: RHB Kevin Kelly
|
0-0: SINGLE (Line Drive, 3D, EV 94.4 MPH)
|
Batting: RHB Diego Herrera
|
0-0: Called Strike Kevin Kelly steals 2nd base (no throw) 0-1: Ball 1-1: Swinging Strike 1-2: Strikes out swinging
|
Pitching: RHP Jeff Buchanan
|
|
Batting: SHB J.T. Ready
|
0-0: Ball 1-0: Called Strike 1-1: Ball 2-1: Ball 3-1: Ground out 4-3 (Groundball, 34D, EV 100.0 MPH)
|
Top of the 9th over - 0 runs, 1 hit, 0 errors, 1 left on base; Johnson City 6 - Billings 2 |
BOTTOM OF THE 9TH |
Billings Mustangs batting - Pitching for Johnson City Cardinals : RHP Rich Sauceman
|
Batting: RHB Ruben Cantu
|
0-0: Called Strike 0-1: Ball 1-1: Called Strike 1-2: Ball 2-2: Strikes out swinging
|
Batting: RHB Wayne Watson
|
0-0: Called Strike 0-1: Ground out U3 (Groundball, 34, EV 83.1 MPH)
|
Batting: RHB Cortez Restrepo
|
0-0: Called Strike 0-1: Ball 1-1: Ball 2-1: Foul Ball, location: 2F 2-2: Ball 3-2: Foul Ball, location: 2F 3-2: Base on Balls
|
Pitching: RHP Steve Langlois
|
|
Batting: LHB Mike Becerra
|
0-0: Called Strike 0-1: Ball 1-1: Ball 2-1: Foul Ball, location: 2F 2-2: Ball 3-2: Ground out 4-3 (Groundball, 4, EV 79.4 MPH)
|
Bottom of the 9th over - 0 runs, 0 hits, 0 errors, 1 left on base; Johnson City 6 - Billings 2 |
|